 Dungeon Crawl Stone Soup version 0.21-a0-82-gdb84782 (webtiles) character file.

49211 Malacante the Ripper (level 14, -5/96 HPs)
             Began as a Felid Berserker on June 23, 2017.
             Was a High Priest of Trog.
             Slain by an alligator (13 damage)
             ... led by an alligator
             ... on level 3 of the Swamp on June 24, 2017.
             The game lasted 01:46:06 (26981 turns).

Malacante the Ripper (Felid Berserker)             Turns: 26981, Time: 01:46:08

Health: -5/96      AC:  3    Str: 18    XL:     14   Next: 15%
Magic:  22/22      EV: 32    Int:  8    God:    Trog [*****.]
Gold:   1919       SH:  3    Dex: 21    Spells: 13/13 levels left
                                        Lives:  0   Deaths: 4

rFire    . . .     SeeInvis +     - Unarmed
rCold    + . .     Gourm    .   (shield unavailable)
rNeg     . . .     Faith    .   (armour unavailable)
rPois    +         Spirit   .   (helmet unavailable)
rElec    .         Reflect  +   (cloak unavailable)
rCorr    .         Harm     .   (gloves unavailable)
MR       ++...                  (boots unavailable)
Stlth    ..........             D - +3 amulet of reflection
HPRegen  0.26/turn              s - ring of poison resistance
MPRegen  0.18/turn              e - +3 ring of slaying

@: berserking, very quick
A: no armour, no weapons or thrown items, stealth, claws 1, fangs 3, see
invisible, carnivore 3, speed 1, shaggy fur 3, slow metabolism 1, sharp paws
a: Berserk, Trog's Hand, Brothers in Arms, Burn Spellbooks, Renounce Religion


You were on level 3 of the Swamp.
You worshipped Trog.
Trog was extremely pleased with you.
You were not hungry.

You visited 5 branches of the dungeon, and saw 22 of its levels.
You also visited: Ossuary.

You collected 2474 gold pieces.
You spent 555 gold pieces at shops.

Inventory:

Jewellery
 c - an uncursed ring of stealth
 e - a +3 ring of slaying (right paw)
 f - an uncursed ring of resist corrosion
 p - an uncursed ring of positive energy
 s - a ring of poison resistance (left paw)
 u - an uncursed ring of flight
 D - a +3 amulet of reflection (around neck)
Wands
 k - a wand of iceblast (9/15)
 t - a wand of flame (15/48)
 y - a wand of polymorph (14/24)
 C - a wand of paralysis (16/24)
 E - a wand of flame (17/48)
 G - a wand of lightning (5/15)
 I - a wand of random effects (14/48)
 K - a wand of iceblast (5/15)
 M - a wand of iceblast (8/15)
Scrolls
 d - 20 scrolls of remove curse
 h - 4 scrolls of fog
 l - 6 scrolls of blinking
 m - 5 scrolls of recharging
 n - 4 scrolls of teleportation
 x - 4 scrolls of summoning
 N - a scroll of fear
 O - 3 scrolls of identify
Potions
 b - 5 potions of lignification
 g - 2 potions of ambrosia
 j - 3 potions of might
 o - 3 potions of heal wounds
 q - 6 potions of agility
 r - a potion of cancellation
 v - 7 potions of curing
 w - 2 potions of flight
 z - a potion of resistance
 A - 3 potions of mutation
 B - 4 potions of brilliance
 F - a potion of invisibility
 J - 4 potions of haste
Miscellaneous
 L - a sack of spiders
Comestibles
 a - 12 meat rations
 i - 12 royal jellies


   Skills:
 * Level 9.2 Fighting
 + Level 13.9 Dodging
 - Level 10.1 Stealth
 + Level 19.5 Unarmed Combat
 + Level 9.6 Evocations


You had 13 spell levels left.
You didn't know any spells.

Dungeon Overview and Level Annotations

Branches:
Dungeon (10/15)            Temple (0/1) D:7            Lair (6/6) D:9
  Swamp (3/4) Lair:4       Spider (1/4) Lair:2        Slime (0/5) Lair:6
    Orc (2/2) D:9             Elf (0/3) Orc:2

Altars:
Ashenzari
Dithmenos
Elyvilon
Hepliaklqana
Nemelex Xobeh
Okawaru
Trog
Vehumet
Yredelemnul
The Shining One
Beogh
Jiyva

Shops:
D:8 :   Orc:1 (   Orc:2 %!(*:

Portals:
Pandemonium: Orc:2

Annotations:
Lair:4 exclusion: 2 oklob plants
Lair:5 exclusion: 3 oklob plants
Swamp:3 Nikola


Innate Abilities, Weirdness & Mutations

You cannot wear armour.
You are incapable of wielding weapons or throwing items.
Your paws allow you to move quietly. (Stealth)
You have sharp claws.
You have razor-sharp teeth.
You have supernaturally acute eyesight. (SInv)
You are carnivorous and can eat meat at any time.
You cover ground quickly.
Your thick and shaggy fur keeps you warm. (AC +3, rC+)
You have a slow metabolism.
Your sharp claws are effective at attacking unaware monsters.


Message History

There is a stone staircase leading down here.
You climb downwards.
Level annotation: Nikola 2 alligators come into view.
There is a stone staircase leading up here.
The alligator puts on a burst of speed!
The alligator puts on a burst of speed!
There is a stone staircase leading up here.
The alligator barely misses you. The alligator closely misses you.
You claw the alligator! Your bite misses the alligator.
The alligator is lightly wounded.
The alligator bites you!! The alligator completely misses you.
A red film seems to cover your vision as you go berserk!
You feel yourself moving faster!
You feel mighty!
You feel quite a bit more hungry. The alligator bites you!
The alligator tail-slaps you! The alligator completely misses you. x2
The alligator bites you!!
* * * LOW HITPOINT WARNING * * *
The alligator tail-slaps you!
You die...

≈≈.≈≈ ≈≈≈≈ ≈≈≈≈≈
.≈≈≈≈≈ ≈≈.≈≈
≈≈≈≈≈. .≈≈≈≈
.≈≈≈≈.♣♣♣ ≈≈≈≈.
.≈≈.≈...♣♣♣♣♣
.≈≈≈.
≈≈≈.≈.≈≈..≈.♣♣♣.
.≈≈..
.≈.......≈≈....≈
.≈.≈♣
..≈≈.≈tt.≈....♣
.♣♣♣♣≈@<..♣♣♣♣
♣≈♣♣♣≈♣ ♣≈ .♣ ♣≈
♣ ≈≈ ≈≈ ♣≈≈ ≈≈≈


You could see 2 alligators.

Vanquished Creatures
  Gastronok (Lair:1)
  Kirke (Swamp:2)
  A ghost crab (Swamp:2)
  4 hydras
  3 two-headed ogres
  The ghost of Kiturien the Cleaver, a novice MiFi of Ashenzari (D:9)
  A death yak (Lair:5)
  5 orc high priests (Orc:2)
  A vampire mage (D:10)
  A fire crab (Lair:6)
  2 torturous demonspawn (Orc:2)
  A spriggan druid (Swamp:2)
  2 swamp dragons
  A lindwurm (Lair:4)
  Pikel (D:4)
  2 shambling mangroves
  An orc knight (Orc:2)
  5 wolf spiders
  A deep elf mage (Orc:2)
  An orc sorcerer (Orc:2)
  2 slime creatures (Swamp:2)
  A guardian serpent (Lair:6)
  7 black mambas
  2 orange demons (Orc:2)
  A molten gargoyle (Lair:4)
  A torpor snail (Lair:5)
  22 spiny frogs
  2 rime drakes
  6 komodo dragons
  A polar bear (Lair:6)
  11 hornets
  5 tyrant leeches
  21 blink frogs
  3 bog bodies (Swamp:1)
  5 dream sheep
  8 hippogriffs
  Sigmund (D:4)
  12 redbacks
  12 yaks
  3 tarantellas (Spider:1)
  5 spriggans
  8 wyverns
  Eustachio (D:6)
  3 hogs (Swamp:2)
  A hungry ghost (D:7)
  A neqoxec (Orc:2)
  2 wraiths (Ossuary)
  2 basilisks
  4 vampire mosquitoes
  2 wargs
  Menkaure (D:4)
  4 insubstantial wisps (Swamp:1)
  5 swamp worms
  28 water moccasins
  8 porcupines
  22 orc warriors
  8 swamp drakes
  2 sky beasts
  8 black bears
  3 phantoms
  2 ice beasts
  37 wolves
  7 ogres
  4 centaurs
  12 crocodiles
  10 bullfrogs
  A water moccasin zombie (D:8)
  7 killer bees (D:7)
  7 wights
  2 electric eels
  A lava snake (Lair:4)
  3 crimson imps
  2 howler monkeys (D:8)
  2 jellies
  A quasit (D:7)
  A centaur zombie (D:7)
  18 orc priests
  3 hounds
  A centaur skeleton (D:8)
  3 iguanas
  14 orc wizards
  5 hell rats (Lair:5)
  6 worker ants
  4 hound skeletons
  A mummy (D:6)
  A worker ant zombie (D:8)
  6 gnolls (D:9)
  6 adders
  2 shadow imps
  An ooze (D:7)
  2 adder zombies
  5 worms
  A dart slug (D:1)
  3 leopard geckos
  51 orcs
  4 bats
  5 giant cockroaches
  7 goblins
  6 hobgoblins
  6 jackals
  5 quokkas
  2 ball pythons
  2 ball python skeletons (Ossuary)
  5 frilled lizards
  3 hobgoblin zombies
  6 kobolds
  A leopard gecko skeleton (D:8)
  An orc skeleton (Ossuary)
  4 orc zombies
  7 rats
576 creatures vanquished.

Vanquished Creatures (collateral kills)
  Snorg (Lair:6)
  2 hydras (Swamp:2)
  3 death yaks (Lair:5)
  3 orc high priests (Orc:2)
  A soul eater (Orc:2)
  An infernal demonspawn (Orc:2)
  3 orc knights (Orc:2)
  2 orc sorcerers (Orc:2)
  A slime creature (Swamp:2)
  A black mamba (Lair:6)
  An orange demon (Orc:2)
  2 tyrant leeches (Swamp:2)
  A hornet (Swamp:2)
  A bog body (Swamp:2)
  A wyvern (Lair:6)
  A spriggan (Swamp:2)
  5 yaks (Lair:6)
  A neqoxec (Orc:2)
  A swamp worm (Swamp:2)
  A water moccasin (Lair:6)
  6 orc warriors
  A swamp drake (Swamp:2)
  A howler monkey (D:8)
  2 orc priests (D:9)
  2 orc wizards
  11 orcs
56 creatures vanquished.

Vanquished Creatures (others)
  A wizard (D:3)
  3 humans (Swamp:2)
  An orc priest (Orc:2)
  8 fungi
  19 plants
32 creatures vanquished.

Grand Total: 664 creatures vanquished

Notes
Turn   | Place    | Note
-------+----------+-------------------------------------------
     0 | D:1      | Malacante the Felid Berserker began the quest for the Orb.
     0 | D:1      | Reached XP level 1. HP: 10/10 MP: 2/2
    88 | D:1      | Reached XP level 2. HP: 10/14 MP: 3/3
  1208 | D:1      | Reached ** piety under Trog
  1240 | D:2      | HP: 1/21 [worm (10)]
  1241 | D:2      | Reached XP level 3. HP: 1/17 MP: 4/4
  1771 | D:2      | Found a shadowy altar of Dithmenos.
  2168 | D:2      | Found a hazy altar of Hepliaklqana.
  2218 | D:2      | Reached XP level 4. HP: 22/22 MP: 5/5
  2515 | D:3      | Reached skill level 4 in Unarmed Combat
  2595 | D:3      | Reached skill level 5 in Dodging
  2808 | D:3      | Reached *** piety under Trog
  2809 | D:3      | Reached XP level 5. HP: 22/25 MP: 6/6
  2893 | D:3      | Found a bloodstained altar of Trog.
  2897 | D:3      | Reached skill level 1 in Stealth
  2942 | D:3      | Noticed a wizard
  2947 | D:3      | Killed a wizard
  3220 | D:4      | Noticed an ogre
  3226 | D:4      | Killed an ogre
  3226 | D:4      | Reached skill level 5 in Unarmed Combat
  3319 | D:4      | Gained mutation: You are covered in thick fur. (AC +2) [Felid growth]
  3319 | D:4      | Reached XP level 6. HP: 28/28 MP: 7/7
  3579 | D:4      | Noticed Menkaure
  3590 | D:4      | Killed Menkaure
  3590 | D:4      | Reached skill level 6 in Unarmed Combat
  3590 | D:4      | Reached XP level 7. HP: 16/31 MP: 8/8
  3777 | D:4      | Found a sparkling altar of Nemelex Xobeh.
  3777 | D:4      | Found a glowing golden altar of the Shining One.
  3777 | D:4      | Found a white marble altar of Elyvilon.
  3778 | D:4      | Found a radiant altar of Vehumet.
  3780 | D:4      | Found a shattered altar of Ashenzari.
  3878 | D:4      | Found a basalt altar of Yredelemnul.
  3881 | D:4      | Noticed Pikel
  3904 | D:4      | Killed Pikel
  3904 | D:4      | Reached skill level 7 in Unarmed Combat
  3957 | D:4      | Noticed Sigmund
  3966 | D:4      | Killed Sigmund
  3966 | D:4      | Reached XP level 8. HP: 36/36 MP: 9/9
  4213 | D:5      | Entered Level 5 of the Dungeon
  4446 | D:5      | Found an iron altar of Okawaru.
  4765 | D:5      | Reached skill level 8 in Unarmed Combat
  5334 | D:6      | Noticed Eustachio
  5341 | D:6      | Demolished by an orc warrior
  5342 | D:6      | Reached XP level 7. HP: -19/32 MP: 8/8
  5372 | D:6      | Found a sand-covered staircase.
  5377 | Ossuary  | Entered an ossuary
  5434 | Ossuary  | Reached skill level 9 in Unarmed Combat
  5645 | Ossuary  | Reached **** piety under Trog
  5684 | Ossuary  | Noticed a flying skull
  5684 | Ossuary  | Noticed a wraith
  5695 | Ossuary  | Noticed a flying skull
  5715 | Ossuary  | Noticed a flying skull
  5722 | Ossuary  | Noticed a wraith
  5727 | Ossuary  | Killed a wraith
  5727 | Ossuary  | Reached XP level 8. HP: 36/36 MP: 9/9
  5793 | Ossuary  | Noticed a flying skull
  5911 | D:6      | Killed Eustachio
  6757 | D:7      | Reached skill level 10 in Stealth
  6821 | D:7      | Reached skill level 10 in Unarmed Combat
  6821 | D:7      | Reached XP level 9. HP: 39/39 MP: 10/10
  7494 | D:7      | Found a staircase to the Ecumenical Temple.
  7893 | D:7      | Reached skill level 11 in Unarmed Combat
  7989 | D:8      | Found Baufer's Book Shop.
  8360 | D:8      | Noticed a two-headed ogre
  8362 | D:8      | a two-headed ogre changed into a dream sheep
  8413 | D:8      | Noticed a two-headed ogre
  8415 | D:8      | Reached XP level 10. HP: 43/43 MP: 11/11
  8421 | D:8      | Killed a two-headed ogre
  8421 | D:8      | Reached skill level 12 in Unarmed Combat
  8625 | D:8      | Noticed a two-headed ogre
  8630 | D:8      | Killed a two-headed ogre
  9116 | D:9      | Noticed Kiturien's ghost (novice MiFi)
  9134 | D:9      | Reached skill level 13 in Unarmed Combat
  9364 | D:9      | Found a white marble altar of Elyvilon.
  9459 | D:9      | Found a staircase to the Lair.
  9471 | D:9      | Slain by Kiturien's ghost
  9472 | D:9      | Reached XP level 9. HP: -5/60 MP: 10/10
  9494 | D:9      | Killed Kiturien's ghost
  9494 | D:9      | Reached XP level 10. HP: 43/43 MP: 11/11
  9858 | D:9      | Found a staircase to the Orcish Mines.
  9939 | D:9      | Reached skill level 5 in Fighting
  9950 | D:9      | Reached ***** piety under Trog
  9961 | D:9      | Found a roughly hewn altar of Beogh.
 10717 | D:10     | Entered Level 10 of the Dungeon
 10720 | D:10     | Reached skill level 1 in Evocations
 10794 | D:10     | Noticed a two-headed ogre
 10802 | D:10     | Killed a two-headed ogre
 10957 | D:10     | Noticed a vampire mage
 10972 | D:10     | Killed a vampire mage
 11048 | D:10     | Reached skill level 5 in Evocations
 11243 | Lair:1   | Entered Level 1 of the Lair of Beasts
 11279 | Lair:1   | Noticed Gastronok
 11318 | Lair:1   | Killed Gastronok
 11318 | Lair:1   | Reached XP level 11. HP: 37/47 MP: 14/17
 12443 | Lair:2   | Reached skill level 10 in Dodging
 12580 | Lair:2   | Found a hole to the Spider Nest.
 12739 | Lair:2   | Reached skill level 14 in Unarmed Combat
 13499 | Lair:3   | Gained mutation: Your thick and shaggy fur keeps you warm. (AC +3, rC+) [Felid growth]
 13499 | Lair:3   | Reached XP level 12. HP: 51/51 MP: 19/19
 13585 | Lair:3   | Noticed a four-headed hydra
 13598 | Lair:3   | Reached skill level 15 in Unarmed Combat
 13604 | Lair:3   | Slain by a porcupine
 13605 | Lair:3   | Reached XP level 11. HP: -2/72 MP: 18/18
 14650 | Lair:3   | Killed a four-headed hydra
 15143 | Lair:4   | Noticed a six-headed hydra
 15150 | Lair:4   | Killed a six-headed hydra
 15264 | Lair:4   | Found a staircase to the Swamp.
 15398 | Lair:4   | Reached skill level 16 in Unarmed Combat
 15696 | Lair:4   | Noticed an oklob plant
 15783 | Lair:4   | Noticed an oklob plant
 15974 | Lair:4   | Reached XP level 12. HP: 41/51 MP: 20/20
 17091 | Lair:5   | Found a shattered altar of Ashenzari.
 17109 | Lair:5   | Noticed a seven-headed hydra
 17116 | Lair:5   | Killed a seven-headed hydra
 17968 | Lair:5   | Noticed a death yak
 17969 | Lair:5   | Noticed a death yak
 17969 | Lair:5   | Noticed a death yak
 17969 | Lair:5   | Noticed a death yak
 18293 | Lair:5   | Killed a death yak
 18297 | Lair:5   | Killed a death yak
 18299 | Lair:5   | Killed a death yak
 18301 | Lair:5   | Killed a death yak
 18601 | Lair:6   | Entered Level 6 of the Lair of Beasts
 18645 | Lair:6   | Reached skill level 17 in Unarmed Combat
 18668 | Lair:6   | Found a viscous altar of Jiyva.
 18668 | Lair:6   | Found a staircase to the Slime Pits.
 18999 | Lair:6   | Reached XP level 13. HP: 55/55 MP: 21/21
 19041 | Lair:6   | Reached ****** piety under Trog
 19120 | Lair:6   | Noticed Snorg
 19127 | Lair:6   | Killed Snorg
 20196 | Orc:1    | Entered Level 1 of the Orcish Mines
 20197 | Orc:1    | Found Qaaxt's Weapon Shop.
 20860 | Orc:2    | Entered Level 2 of the Orcish Mines
 21056 | Orc:2    | Found a staircase to the Elven Halls.
 21093 | Orc:2    | Found a roughly hewn altar of Beogh.
 21266 | Orc:2    | Found Wuqoos's General Store.
 21382 | Orc:2    | Found Affy's Food Shoppe.
 21505 | Orc:2    | Found Avusmilu's Distillery.
 21855 | Orc:2    | Reached skill level 18 in Unarmed Combat
 22020 | Orc:2    | Bought a potion of heal wounds for 65 gold pieces
 22022 | Orc:2    | Bought 2 potions of haste for 280 gold pieces
 22022 | Orc:2    | Bought a potion of haste for 140 gold pieces
 22022 | Orc:2    | Bought a potion of heal wounds for 70 gold pieces
 22073 | Orc:2    | Killed from afar by a soul eater
 22074 | Orc:2    | Reached XP level 12. HP: 1/54 MP: 20/20
 22119 | Orc:2    | Paralysed by an orc sorcerer for 2 turns
 22308 | Orc:2    | Noticed an orc high priest
 22310 | Orc:2    | Noticed an orc high priest
 22316 | Orc:2    | Killed an orc high priest
 22318 | Orc:2    | Killed an orc high priest
 22321 | Orc:2    | Killed an orc high priest
 22335 | Orc:2    | Noticed an orc high priest
 22336 | Orc:2    | Noticed an orc high priest
 22339 | Orc:2    | Killed an orc high priest
 22340 | Orc:2    | Noticed an orc high priest
 22340 | Orc:2    | Killed an orc high priest
 22674 | Orc:2    | Reached XP level 13. HP: 31/58 MP: 21/21
 22980 | Orc:2    | Found Vyps's Antique Weapon Boutique.
 22980 | Orc:2    | Found Gealuff's Book Shop.
 22980 | Orc:2    | Found a one-way gate leading to the halls of Pandemonium.
 23505 | Spider:1 | Entered Level 1 of the Spider Nest
 24047 | Swamp:1  | Entered Level 1 of the Swamp
 24743 | Swamp:1  | Reached skill level 19 in Unarmed Combat
 25361 | Swamp:2  | Upgraded the game from 0.21-a0-81-gc5150db to 0.21-a0-82-gdb84782
 25456 | Swamp:2  | Noticed Kirke
 25475 | Swamp:2  | Killed Kirke
 26246 | Swamp:2  | Reached XP level 14. HP: 47/64 MP: 22/22
 26674 | Swamp:3  | Noticed Nikola
 26981 | Swamp:3  | Slain by an alligator

Vault maps used:
D:1:      tarquinn_simple_flora_water_c
D:2:      marbit_many_paths, grunt_dithmenos_smoke_and_mirrors,
          grunt_ministairs_7
D:3:      trog_wizard
D:4:      nicolae_overflow_crystal_walls,
          chequers_temple_overflow_statue_of_worship, lemuel_round_altar,
          first_bread, uniq_pikel, uniq_menkaure, uniq_sigmund
D:5:      okawaru_trees_1
D:6:      nicolae_ossuary_entry_giza, uniq_eustachio
D:7:      cheibrodos_quashed, minmay_temple_entry_fiery, the_bakery
D:8:      serial_shops, shop
D:9:      minmay_lair_entry_grove, minmay_orc_entry_temple_small,
          elyvilon_altar_1
D:10:     minmay_librarian
Lair:1:   uniq_gastronok
Lair:2:   spider_nest_entry_a, lemuel_fruit_fields
Lair:3:   lab_entry_generic, st_stairs_4, grunt_forest_large_clearings
Lair:4:   swamp_mist_pool, nicolae_volcano_entry_vermiform, disabler_island
Lair:5:   basic_altar, minmay_lair_oklob_chamber, infiniplex_staircase_pool
Lair:6:   hangedman_lair_tendril_chambers, slime_altar_1, uniq_snorg
Swamp:1:  evilmike_swamp_ruin_house_3
Swamp:2:  serial_swamp_ruin, evilmike_swamp_ruin_house_4,
          evilmike_swamp_ruin_rubble_2, evilmike_swamp_ruin_house_2,
          swamp_pool5, uniq_kirke
Swamp:3:  evilmike_swamp_ruin_house_6, swamp_pool1, uniq_nikola, uniq_jorgrun
Spider:1: portal_ice_cave_entry_pillars_1
Orc:1:    serial_shops, shop
Orc:2:    pf_orc_diabolical, basic_altar, serial_shops,
          nicolae_shop_temple_entry_statues_fountains
Ossuary:  ossuary_due_cavern

Skill      XL: |  1  2  3  4  5  6  7  8  9 10 11 12 13 |
---------------+----------------------------------------+-----
Unarmed Combat | 4 5 6 9 10 11 13 16 17 19 | 19.5
Dodging        | 5 6 7 8 9 11 12 13 | 13.9
Stealth        | 3 4 6 10 | 10.1
Fighting       | 4 5 6 9 |  9.2
Evocations     | 7 9 |  9.6

Action                   |  1- 3 |  4- 6 |  7- 9 | 10-12 | 13-15 || total
-------------------------+-------+-------+-------+-------+-------++-------
Melee: Unarmed           |    92 |    94 |   235 |   630 |   493 ||  1544
       Bite              |     8 |    15 |    23 |    77 |    67 ||   190
       Punch             |       |     3 |     9 |    64 |    42 ||   118
Invok: Berserk           |     6 |     6 |    20 |    38 |    32 ||   102
       Trog's Hand       |       |       |     2 |     2 |     2 ||     6
       Brothers in Arms  |       |       |     1 |     5 |    10 ||    16
       Burn Spellbooks   |       |       |       |       |     1 ||     1
Evoke: Wand              |       |       |     2 |    15 |     4 ||    21
  Use: Scroll            |     7 |     2 |    15 |    14 |     2 ||    40
       Potion            |       |       |       |     1 |     3 ||     4
 Stab: Sleeping          |     5 |     5 |    36 |    32 |    15 ||    93
       Distracted        |       |       |     1 |     6 |     7 ||    14
  Eat: Chunk             |    16 |     6 |    37 |    67 |    46 ||   172
Armor: Skin              |     1 |     1 |     5 |    12 |     4 ||    23
Dodge: Dodged            |    63 |    75 |   131 |   485 |   353 ||  1107
Block: Other             |       |       |    13 |    52 |    43 ||   108
